 Dungeon Sprint DCSS version 0.19.1 (webtiles) character file.

12602 equalderp2856 the Eviscerator (level 11, -21/54 HPs)
             Began as a Felid Fighter on Dec 17, 2016.
             Was the Champion of Lugonu.
             Killed from afar by a frost giant (43 damage)
             ... with a bolt of cold
             ... in the Dungeon (Sprint IX: "|||||||||||||||||||||||||||||").
             The game lasted 00:12:58 (7031 turns).

equalderp2856 the Eviscerator (Felid Fighter)       Turns: 7031, Time: 00:12:58

Health: -21/54     AC:  2    Str: 16    XL:     11   Next: 64%
Magic:  0/15       EV: 34    Int: 11    God:    Lugonu [******]
Gold:   1605       SH:  0    Dex: 20    Spells: 0 memorised, 10 levels left
                                        Lives:  0   Deaths: 2

rFire  . . .     SeeInvis +       - Unarmed
rCold  . . .     Gourm    .     (armour unavailable)
rNeg   . . .     Faith    .     (shield unavailable)
rPois  .         Spirit   +     (helmet unavailable)
rElec  .         Reflect  .     (cloak unavailable)
rCorr  .         Harm     .     (gloves unavailable)
MR     +....     NoTele   +     (boots unavailable)
Stlth  +++++.....               d - amulet of guardian spirit
                                n - +3 ring of strength
                                m - +3 ring of dexterity

@: quick
A: no armour, no weapons or thrown items, stealth, claws 1, fangs 3, see
invisible, carnivore 3, speed 1, shaggy fur 2, slow metabolism 1, sharp paws
a: Bend Space, Banish, Corrupt, Renounce Religion


You were in the Dungeon.
You worshipped Lugonu.
Lugonu was exalted by your worship.
You were hungry.

You visited 1 branch You collected 1905 gold pieces.
You spent 300 gold pieces at shops.

Inventory:

Jewellery
 d - an amulet of guardian spirit (around neck)
 m - a +3 ring of dexterity (left paw)
 n - a +3 ring of strength (right paw)
 s - an uncursed ring of protection from magic
 t - an uncursed ring of ice
 x - an uncursed ring of poison resistance
 y - an uncursed ring of poison resistance
Wands
 l - a wand of acid (2/15)
Scrolls
 c - a scroll of magic mapping
 h - 5 scrolls of blinking
 j - 4 scrolls of remove curse
 k - 2 scrolls of amnesia
 p - 2 scrolls of identify
 v - a scroll of fog
 w - a scroll of recharging
Potions
 a - 2 potions of might
 e - 2 potions of haste
 f - 4 potions of magic
 g - a potion of degeneration {unknown}
 i - a potion of invisibility
 o - 2 potions of agility
 u - a potion of curing
Miscellaneous
 q - a lamp of fire
Comestibles
 b - 12 meat rations
 r - a beef jerky


   Skills:
 + Level 9.9 Fighting
 + Level 16.9 Dodging
 + Level 9.4 Stealth
 + Level 24.2 Unarmed Combat
 + Level 5.2 Invocations
 + Level 3.9 Evocations


You had 10 spell levels left.
You didn't know any spells.

Dungeon Overview and Level Annotations

Branches:
Dungeon (1/1)

Altars:
Cheibriados
Dithmenos
Elyvilon
Fedhas
Gozag
Hepliaklqana
Kikubaaqudgha
Makhleb
Nemelex Xobeh
Okawaru
Qazlal
Ru
Sif Muna
Trog
Uskayaw
Vehumet
Xom
Yredelemnul
Zin
The Shining One
Beogh
Jiyva
Lugonu

Shops:
D (}=!


Innate Abilities, Weirdness & Mutations

You cannot wear armour.
You are incapable of wielding weapons or throwing items.
Your paws allow you to move quietly. (Stealth)
You have sharp claws.
You have razor-sharp teeth.
You have supernaturally acute eyesight. (SInv)
You are carnivorous and can eat meat at any time.
You cover ground quickly.
You are covered in thick fur. (AC +2)
You have a slow metabolism.
Your sharp claws are effective at attacking unaware monsters.


Message History

You claw the frost giant!
You bite the frost giant, but do no damage.
The frost giant is moderately wounded.
The frost giant closely misses you.
You scratch the frost giant.
The frost giant is heavily wounded.
The moth of wrath goads the stone giant on!
The stone giant goes berserk!
You claw the frost giant!
You bite the frost giant, but do no damage.
The frost giant is heavily wounded.
The moth of wrath changes into a hippogriff!
The frost giant gestures at you while chanting.
The bolt of cold hits you!
* * * LOW HITPOINT WARNING * * *
You feel better.
The frost giant points at you and mumbles some strange words.
The bolt of cold hits you!
Ouch! That really hurt!
You die...

▓▓▓▓▓▓▓▓▓▓▓▓▓▓▓▓▓▓▓▓▓▓
+.HCC@........(.'..((.
▓▓▓▓▓▓▓▓▓▓▓▓▓▓▓▓▓▓▓▓▓▓▓▓▓▓▓▓▓▓▓▓
▓.................()....))).....
▓.▓▓▓▓▓▓▓▓▓▓▓▓▓▓▓▓▓▓▓▓▓▓▓▓▓▓▓▓▓▓
▓.........'....)∩.∩.∩.∩.))))'..(
▓▓▓▓▓▓▓▓▓▓▓▓▓▓▓▓▓▓▓▓▓▓▓▓▓▓▓▓▓▓▓▓
▓............).)................
▓.▓▓▓▓▓▓▓▓▓▓▓▓▓▓▓▓▓▓▓▓▓▓▓▓▓▓▓▓▓▓
▓....'..[[[[.%'.(..........'†...


You could see a frost giant, a stone giant (berserk) and a hippogriff shaped
shifter.

Vanquished Creatures
  A lich (D)
  A stone giant (D)
  Josephine (D)
  An ettin (D)
  Erolcha (D)
  2 centaur warriors (D)
  Erica (D)
  Urug (D)
  An orc high priest (D)
  9 orc knights (D)
  An orc sorcerer (D)
  A wolf spider (shapeshifter) (D)
  2 black mambas (D)
  Maurice (D)
  A spiny frog (D)
  Psyche (D)
  2 rime drakes (D)
  A komodo dragon (D)
  A troll (D)
  A tyrant leech (D)
  3 blink frogs (D)
  3 hippogriffs (D)
  4 wraiths (D)
  A vampire (D)
  A yak (D)
  A steam dragon (D)
  A hungry ghost (D)
  2 vampire mosquitoes (D)
  8 water moccasins (D)
  13 orc warriors (D)
  A centaur (D)
  2 crocodiles (D)
  4 bullfrogs (D)
  A big kobold (D)
  2 killer bees (D)
  A crimson imp (D)
  7 orc wizards (D)
  2 orc priests (D)
  An adder simulacrum (D)
  A leopard gecko (D)
  8 orcs (D)
  A bat zombie (D)
  A giant cockroach (D)
  A hobgoblin (D)
  A jackal (D)
  A quokka (D)
  A ball python skeleton (D)
  A bat (D)
  A jackal zombie (D)
  2 rats (D)
108 creatures vanquished.

Notes
Turn   | Place    | Note
-------+----------+-------------------------------------------
     0 | D        | equalderp2856 the Felid Fighter began the quest for the Orb.
     0 | D        | Reached XP level 1. HP: 10/10 MP: 2/2
    20 | D        | Noticed an orc wizard
    26 | D        | Reached skill level 5 in Unarmed Combat
    30 | D        | Killed an orc wizard
    30 | D        | Reached skill level 5 in Dodging
    30 | D        | Reached skill level 6 in Unarmed Combat
    30 | D        | Reached XP level 2. HP: 8/15 MP: 3/3
    30 | D        | Reached XP level 3. HP: 10/18 MP: 4/4
   282 | D        | Found a roughly hewn altar of Beogh.
   282 | D        | Found a snail-covered altar of Cheibriados.
   282 | D        | Found a shadowy altar of Dithmenos.
   282 | D        | Found a white marble altar of Elyvilon.
   282 | D        | Found a blossoming altar of Fedhas.
   282 | D        | Found an opulent altar of Gozag.
   283 | D        | Found a hazy altar of Hepliaklqana.
   284 | D        | Found a viscous altar of Jiyva.
   285 | D        | Found an ancient bone altar of Kikubaaqudgha.
   286 | D        | Found a corrupted altar of Lugonu.
   287 | D        | Found a burning altar of Makhleb.
   288 | D        | Found a sparkling altar of Nemelex Xobeh.
   289 | D        | Found an iron altar of Okawaru.
   296 | D        | Found a stormy altar of Qazlal.
   297 | D        | Found a sacrificial altar of Ru.
   298 | D        | Found a deep blue altar of Sif Muna.
   299 | D        | Found a bloodstained altar of Trog.
   300 | D        | Found a hide-covered altar of Uskayaw.
   301 | D        | Found a radiant altar of Vehumet.
   302 | D        | Found a shimmering altar of Xom.
   303 | D        | Found a basalt altar of Yredelemnul.
   304 | D        | Found a glowing silver altar of Zin.
   305 | D        | Found a glowing golden altar of the Shining One.
   346 | D        | Became a worshipper of Lugonu the Unformed
   346 | D        | Reached * piety under Lugonu
   377 | D        | Noticed a water moccasin
   377 | D        | Noticed a water moccasin
   377 | D        | Noticed a killer bee
   377 | D        | Noticed a big kobold
   392 | D        | Reached skill level 7 in Unarmed Combat
   392 | D        | Reached XP level 4. HP: 16/22 MP: 5/5
   401 | D        | HP: 1/22 [orc priest/divine providence (9)]
   404 | D        | Killed a big kobold
   404 | D        | Reached skill level 9 in Unarmed Combat
   404 | D        | Reached XP level 5. HP: 16/25 MP: 6/6
   420 | D        | Reached ** piety under Lugonu
   420 | D        | Reached skill level 5 in Fighting
   424 | D        | Reached skill level 10 in Unarmed Combat
   428 | D        | Killed a water moccasin
   428 | D        | Reached skill level 11 in Unarmed Combat
   428 | D        | Gained mutation: You are covered in thick fur. (AC +2) [Felid growth]
   428 | D        | Reached XP level 6. HP: 14/31 MP: 7/7
   433 | D        | Killed a water moccasin
   637 | D        | Noticed a troll
   637 | D        | Noticed a hippogriff
   643 | D        | Reached *** piety under Lugonu
   643 | D        | Reached skill level 12 in Unarmed Combat
   913 | D        | Killed a hippogriff
   913 | D        | Reached skill level 10 in Dodging
   913 | D        | Reached XP level 7. HP: 34/36 MP: 8/8
   919 | D        | Reached skill level 13 in Unarmed Combat
   995 | D        | Killed a troll
   995 | D        | Reached **** piety under Lugonu
   995 | D        | Reached skill level 1 in Stealth
   995 | D        | Reached skill level 1 in Evocations
  1392 | D        | Noticed a yak
  1392 | D        | Noticed a komodo dragon
  1392 | D        | Noticed a spiny frog
  1392 | D        | Noticed a black mamba
  1393 | D        | Noticed a steam dragon
  1413 | D        | Killed a black mamba
  1413 | D        | Reached skill level 14 in Unarmed Combat
  1413 | D        | Reached skill level 1 in Invocations
  1413 | D        | Reached XP level 8. HP: 19/40 MP: 7/10
  1675 | D        | Killed a spiny frog
  1675 | D        | Reached skill level 15 in Unarmed Combat
  1714 | D        | Killed a komodo dragon
  1714 | D        | Reached ***** piety under Lugonu
  1714 | D        | Reached XP level 9. HP: 32/44 MP: 12/12
  2042 | D        | Noticed a rime drake
  2042 | D        | Noticed a black mamba
  2042 | D        | Noticed a rime drake
  2046 | D        | Reached skill level 16 in Unarmed Combat
  2049 | D        | Killed a rime drake
  2055 | D        | Killed a black mamba
  2055 | D        | Reached skill level 5 in Stealth
  2068 | D        | Reached ****** piety under Lugonu
  2072 | D        | Killed a rime drake
  2080 | D        | Reached skill level 17 in Unarmed Combat
  2082 | D        | Reached XP level 10. HP: 29/49 MP: 14/14
  2089 | D        | Reached skill level 5 in Invocations
  2273 | D        | Reached skill level 18 in Unarmed Combat
  2496 | D        | Noticed Erica
  2497 | D        | Noticed Psyche
  2507 | D        | Killed Erica
  2510 | D        | Killed Psyche
  2510 | D        | Reached skill level 15 in Dodging
  2941 | D        | Noticed an orc high priest
  3261 | D        | Killed an orc high priest
  3261 | D        | Reached skill level 19 in Unarmed Combat
  3377 | D        | Noticed an orc sorcerer
  3379 | D        | Killed an orc sorcerer
  3380 | D        | Noticed an orc knight
  3724 | D        | Killed an orc knight
  3724 | D        | Reached XP level 11. HP: 52/52 MP: 15/15
  3748 | D        | Noticed an orc knight
  3983 | D        | Killed an orc knight
  3983 | D        | Reached skill level 20 in Unarmed Combat
  4119 | D        | Noticed an orc knight
  4141 | D        | Shot with a bolt by an orc knight
  4142 | D        | Reached XP level 10. HP: -1/49 MP: 14/14
  4190 | D        | Killed an orc knight
  4459 | D        | Found Lyadefer's Distillery.
  4459 | D        | Noticed an orc knight
  4460 | D        | Noticed an orc knight
  4465 | D        | Noticed an orc knight
  4467 | D        | Killed an orc knight
  4468 | D        | Found Cuesa's Jewellery Shop.
  4477 | D        | Found Tarem's Gadget Boutique.
  4689 | D        | Killed an orc knight
  4814 | D        | Killed an orc knight
  4814 | D        | Reached skill level 21 in Unarmed Combat
  5055 | D        | Found Ydigutt's Weapon Shop.
  5058 | D        | Noticed an orc knight
  5059 | D        | Noticed an orc knight
  5061 | D        | Noticed an orc knight
  5066 | D        | Killed an orc knight
  5447 | D        | Killed an orc knight
  5572 | D        | Killed an orc knight
  5572 | D        | Reached XP level 11. HP: 39/53 MP: 15/15
  5670 | D        | Bought an uncursed amulet of guardian spirit for 300 gold pieces
  5818 | D        | Noticed Maurice
  5825 | D        | Killed Maurice
  5848 | D        | Noticed Josephine
  5849 | D        | Noticed Urug
  5863 | D        | Killed from afar by Josephine
  5864 | D        | Reached XP level 10. HP: -9/49 MP: 0/14
  5932 | D        | Killed Josephine
  5932 | D        | Reached skill level 22 in Unarmed Combat
  5944 | D        | Killed Urug
  6294 | D        | Noticed Erolcha
  6300 | D        | Killed Erolcha
  6407 | D        | Noticed a centaur warrior
  6415 | D        | Noticed a centaur warrior
  6517 | D        | Killed a centaur warrior
  6517 | D        | Reached skill level 23 in Unarmed Combat
  6517 | D        | Reached XP level 11. HP: 39/54 MP: 10/15
  6525 | D        | Killed a centaur warrior
  6557 | D        | Noticed an ettin
  6669 | D        | Killed an ettin
  6672 | D        | Noticed a lich
  6678 | D        | Noticed a balrug
  6886 | D        | Killed a lich
  6954 | D        | Noticed a wolf spider
  6964 | D        | Killed a wolf spider
  6964 | D        | Reached skill level 24 in Unarmed Combat
  7003 | D        | Noticed a stone giant
  7014 | D        | Killed a stone giant
  7019 | D        | Noticed a frost giant
  7021 | D        | Noticed a stone giant
  7031 | D        | Killed from afar by a frost giant

Skill      XL: |  1  2  3  4  5  6  7  8  9 10 11 |
---------------+----------------------------------+-----
Unarmed Combat | 6 7 9 11 12 14 15 17 23 24 | 24.2
Dodging        | 5 6 7 8 10 11 12 14 16 | 16.9
Fighting       | 4 6 7 8 9 |  9.9
Stealth        | 2 3 5 8 9 |  9.4
Evocations     | 1 2 3 |  3.9
Invocations    | 1 3 4 5 |  5.2

Action                   |  1- 3 |  4- 6 |  7- 9 | 10-12 || total
-------------------------+-------+-------+-------+-------++-------
Melee: Unarmed           |    38 |    46 |    98 |   307 ||   489
       Bite              |     4 |     3 |     7 |    47 ||    61
       Punch             |       |     2 |     9 |    35 ||    46
Invok: Bend Space        |       |       |     5 |       ||     5
Evoke: Wand              |       |     2 |     3 |       ||     5
  Use: Potion            |     1 |     6 |     3 |     4 ||    14
 Stab: Distracted        |       |       |       |     2 ||     2
       Sleeping          |       |       |       |     2 ||     2
  Eat: Chunk             |       |       |       |     2 ||     2
       Meat ration       |       |       |       |     1 ||     1
Armor: Skin              |     3 |     1 |       |     6 ||    10
Dodge: Dodged            |    27 |    52 |    87 |   182 ||   348
